 Dungeon Crawl Stone Soup version 0.28.0-55-gcd9437bce4 (webtiles) character file.

Game seed: 9099293616899327733

1212 tkbsonic5 the Poker (level 8, 0/94 HPs)
             Began as a Merfolk Gladiator on Dec 31, 2022.
             Engulfed by a cloud of flame (13 damage)
             ... on level 4 of the Dungeon.
             The game lasted 00:13:32 (4546 turns).

tkbsonic5 the Poker (Merfolk Gladiator)             Turns: 4546, Time: 00:13:32

Health: 0/94       AC: 24    Str: 15    XL:     8   Next: 46%
Magic:  8/8        EV:  2    Int:  7    God:
Gold:   77         SH:  0    Dex: 17    Spells: 7/7 levels left

rFire   . . .      SeeInvis .   a - +0 trident
rCold   . . .      Faith    .   (no shield)
rNeg    . . .      Spirit   .   (armour currently unavailable)
rPois   +          Reflect  .   (helmet currently unavailable)
rElec   .          Harm     .   (cloak currently unavailable)
rCorr   .          Rampage  .   (gloves currently unavailable)
Will    .....      NoTele   +   (boots currently unavailable)
Stlth   +++.......              (no amulet)
HPRegen 0.25/turn               e - ring of poison resistance
MPRegen 0.11/turn               (no ring)

@: tree-form (expiring)
A: stationary, stasis, torment immunity, boosted hp, (nimble swimmer 2),
(mertail)
a: no special abilities


You were on level 4 of the Dungeon.
You were a tree.
You visited 1 branch of the dungeon, and saw 5 of its levels.

You collected 77 gold pieces.

Inventory:

Hand Weapons
 a - a +0 trident (weapon)
 d - a +2 dagger of draining
 g - a +2 hand axe of venom
 i - a +0 hunting sling
 m - a +2 war axe of holy wrath
Missiles
 j - 43 bolts
Armour
 b - a +0 leather armour
 c - a +0 helmet (melded)
 h - a +0 ring mail
 k - a +3 scale mail (melded)
Jewellery
 e - a ring of poison resistance (left branch)


   Skills:
 * Level 5.5 Fighting
 - Level 1.5(3.1) Axes
 * Level 7.5(7.8) Polearms
 - Level 1.4(2.4) Slings
 - Level 3.7(4.0) Throwing
 - Level 1.4 Armour
 * Level 7.1 Dodging
 + Level 3.4 Stealth


You had 7 spell levels left.
You didn't know any spells.
Your spell library contained the following spells:

 Spells                   Type           Power      Damage    Failure   Level
 Animate Dead             Necr           0%         N/A       99%         4
 Borgnjor's Vile Clutch   Necr/Erth      0%         N/A       100%        5
 Death Channel            Necr           0%         N/A       100%        6


Dungeon Overview and Level Annotations

Branches:
Dungeon (5/15)
 Temple: D:4-7

Altars:


Innate Abilities, Weirdness & Mutations

You are a tree.
Your roots penetrate the ground, keeping you stationary.
You cannot be teleported.
You are immune to unholy pain and torment.
Your maximum health is greatly increased.
Your equipment is partially melded.
((You are very nimble when in or above water. (Stealth+, EV+, Speed+++)))
((Your lower body shifts to a powerful aquatic tail in water.))


Message History

Your Fighting skill increases to level 5!
Your Polearms skill increases to level 7!
Your Dodging skill increases to level 7!
Your Stealth skill increases to level 3!
You have reached level 8!
You closely miss the hobgoblin.
The hobgoblin hits you but does no damage.
You hit the hobgoblin.
You kill the hobgoblin!
You aren't carrying any scrolls.
You aren't carrying any potions.
You aren't carrying any items that you can evoke.
Dowan drinks a potion.
Dowan seems to grow stronger.
You are too injured to fight recklessly!
Reach: a) +0 trident
Press: ? - help, Dir - move target, f - Dowan
Aim: Dowan, wielding a +0 dagger and wearing a +0 robe (fast, inner flame, strong, about 46% to evade your +0 trident)
You reach to attack!
You miss Dowan.
Dowan gestures wildly while chanting.
Dowan blinks!
You are too injured to fight recklessly!
You barely miss Dowan. Dowan hits you with a +0 dagger.
You closely miss Dowan.
Your transformation is almost over.
Dowan hits you but does no damage. x2
You hit Dowan.
Flame seeps out of Dowan.
Dowan is moderately wounded.
Dowan is engulfed in blazing flames.
Flame seeps out of Dowan.
Dowan hits you but does no damage.
You barely miss Dowan.
Dowan is heavily wounded.
Dowan is engulfed in blazing flames.
Dowan explodes!
The fiery explosion engulfs you but does no damage.
You are engulfed in blazing flames.
* * * LOW HITPOINT WARNING * * *
You are engulfed in blazing flames.
* * * LOW HITPOINT WARNING * * *
You are engulfed in blazing flames.
You die...

#.#.# ##g#.#.#.# #.#.#
#........ #5#.#.
..#.#.#.###.#.# #........ #.#
#..###.#.#.....#.# #........
.......#.#.....#.####........
.....>..........)............
.........#.....#.###........#
.###.......)§§§.÷.<'.........
#.....#.#§)§#'###.:......#
#.......#.#♣##....##........
#.#.....#.#)##....##........
......#..#.#.##....##........
.#.................##........
........#...##....##########
## ..............# .... .....


There were no monsters in sight!

Vanquished Creatures
  Pikel (D:4)
  Grinder (D:3)
  Duvessa (D:4)
  An ice beast (D:4)
  2 lemures
  Dowan (D:4)
  A hound (D:2)
  A centaur skeleton (D:4)
  Jessica (D:2)
  An iguana (D:4)
  2 orc wizards
  Robin (D:2)
  A gnoll (D:1)
  5 adders
  2 adder skeletons
  2 worms
  3 dart slugs
  15 orcs
  5 endoplasms
  A giant cockroach (D:2)
  16 goblins
  14 hobgoblins
  6 jackals
  2 quokkas
  14 ball pythons
  7 bats
  4 frilled lizards
  2 kobolds
  6 rats
119 creatures vanquished.

Vanquished Creatures (others)
  3 fungi
3 creatures vanquished.

Grand Total: 122 creatures vanquished

Notes
Turn   | Place    | Note
-------+----------+-------------------------------------------
     0 | D:1      | tkbsonic5 the Merfolk Gladiator began the quest for the
                  | Orb.
     0 | D:1      | Reached XP level 1. HP: 16/16 MP: 1/1
   198 | D:1      | Reached XP level 2. HP: 23/23 MP: 2/2
   401 | D:1      | Reached XP level 3. HP: 17/28 MP: 3/3
   568 | D:1      | Found a faded altar of an unknown god.
  1020 | D:2      | Noticed Robin
  1041 | D:2      | Reached skill level 5 in Polearms
  1046 | D:2      | Reached skill level 1 in Stealth
  1056 | D:2      | Killed Robin
  1057 | D:2      | Reached XP level 4. HP: 13/34 MP: 4/4
  1576 | D:2      | Reached XP level 5. HP: 39/41 MP: 5/5
  1931 | D:2      | Noticed Jessica
  1937 | D:2      | Killed Jessica
  1938 | D:2      | Reached skill level 5 in Dodging
  2774 | D:3      | Reached skill level 1 in Slings
  2774 | D:3      | Reached XP level 6. HP: 43/47 MP: 6/6
  2796 | D:3      | Found the +1 Delatra's gloves {ID++}
  2995 | D:3      | Reached skill level 1 in Armour
  3155 | D:3      | Noticed Grinder
  3158 | D:3      | Paralysed by Grinder for 7 turns
  3169 | D:3      | Paralysed by Grinder for 5 turns
  3179 | D:3      | Killed Grinder
  3180 | D:3      | Reached skill level 1 in Axes
  3180 | D:3      | Reached XP level 7. HP: 38/53 MP: 7/7
  3358 | D:4      | Noticed Duvessa
  3358 | D:4      | Noticed Dowan
  3791 | D:4      | Noticed Pikel
  3944 | D:5      | Entered Level 5 of the Dungeon
  4524 | D:4      | Killed Duvessa
  4533 | D:4      | Killed Pikel
  4534 | D:4      | Reached skill level 5 in Fighting
  4534 | D:4      | Reached XP level 8. HP: 35/63 MP: 8/8
  4543 | D:4      | Killed Dowan
  4546 | D:4      | Engulfed by a cloud of flame

Illustrated notes

Levels and vault maps discovered:
D:1:      eino_arrival_druids_welcome, layout_basic,
          shapermc_ecumenical_altar_petra
D:2:      kennysheep_big_flooded_room, layout_basic, serial_glass,
          glass_columns_c, glass_columns_b, grunt_decor_cap,
          minmay_shallow_snake_nest, uniq_jessica, uniq_robin
D:3:      layout_basic, pf_guarded_unrand_delatra, uniq_grinder
D:4:      layout_basic, uniq_crazy_yiuf_cottage, uniq_duvessa, uniq_pikel
D:5:      layout_layer_cave

Skill      XL: |  1  2  3  4  5  6  7 |
---------------+----------------------+-----
Polearms       | 5 6 7 |  7.5
Stealth        | 1 2 3 |  3.4
Fighting       | 3 5 |  5.5
Dodging        | 5 7 |  7.1
Throwing       | 3 |  3.7
Slings         | 1 |  1.4
Armour         | 1 |  1.4
Axes           | 1 |  1.5

Action                   |  1- 3 |  4- 6 |  7- 9 || total
-------------------------+-------+-------+-------++-------
Melee: Trident           |    41 |       |    70 ||   111
       Hand axe          |    36 |   145 |    55 ||   236
       Punch             |       |     1 |     1 ||     2
       War axe           |       |     8 |       ||     8
Throw: Throwing net      |     6 |     2 |       ||     8
  Use: Potion            |     2 |     2 |     6 ||    10
       Scroll            |     2 |     2 |     3 ||     7
 Stab: Sleeping          |     3 |       |       ||     3
       Held in net/web   |     1 |     1 |       ||     2
       Invisible         |     5 |     2 |     3 ||    10
Armor: Leather armour    |    16 |     9 |       ||    25
       Scale mail        |       |    63 |    45 ||   108
       Skin              |       |       |    14 ||    14
Dodge: Dodged            |    56 |   103 |    57 ||   216
